[Event "ESP-chT 2nd Division 2019"]
[Site "Linares"]
[Date "2019.08.22"]
[Round "6.21"]
[White "Sanchez Saez, Francisco"]
[Black "Gamundi Salamanca, Antonio"]
[Result "0-1"]
[ECO "C12"]
[WhiteElo "2359"]
[BlackElo "2444"]
[Annotator "NA"]
[PlyCount "106"]
[EventDate "2019.08.19"]
[EventType "team-tourn"]
[EventCountry "ESP"]
[SourceTitle "playchess.com"]
[Source "ChessBase"]
[SourceQuality "1"]
[TimeControl "5400+30"]

1. e4 e6 2. d4 d5 3. Nc3 Nf6 4. Bg5 Bb4 5. e5 h6 6. Be3 Ne4 7. Qg4 Kf8 8. a3 Bxc3+ 9. bxc3 c5 10. Bd3 Qa5 11. Ne2 cxd4 12. Bxd4 Nc6 13. O-O Nc5 14. Rab1 Nxd3 15. cxd3 Qxa3 16. Ra1 Qe7 17. f4 Bd7 18. Be3 h5 19. Qf3 g6 20. Rfb1 Kg7 21. Rxb7 Rhb8 22. Rxb8 Rxb8 23. Nd4 Rb7 24. h3 h4 25. Qf2 Nxd4 26. Bxd4 Bb5 27. Bc5 Qd8 28. Qd4 a5 29. Rf1 Ba6 30. Kh2 a4 31. Rf3 Bb5 32. Bb4 Qb6 33. Bc5 Qd8 34. Bb4 Qb6 35. Bc5 Qd8 36. f5 gxf5 37. Qf4 d4 38. cxd4 Bc6 39. Rf2 Rb1 40. d5 Bxd5 41. Be3 a3 42. Qh6+ Kg8 43. Bg5 Qf8 44. Qxh4 Rb4 45. d4 Qg7 46. Bf6 Qh7 47. Qg5+ Qg6 48. Qh4 Qh7 49. Rf4 Rb2 50. Kg1 Rxg2+ 51. Kf1 a2 52. Qe1 Qxh3 53. Rh4 Qf3+ 0-1

[Event "ESP-chT 2nd Division 2019"]
[Site "Linares"]
[Date "2019.08.22"]
[Round "6.22"]
[White "Perez Garcia, Alejandro"]
[Black "Galiana Fernandez, Adrian"]
[Result "1-0"]
[ECO "A06"]
[WhiteElo "2347"]
[BlackElo "2295"]
[Annotator "NA"]
[PlyCount "65"]
[EventDate "2019.08.19"]
[EventType "team-tourn"]
[EventCountry "ESP"]
[SourceTitle "playchess.com"]
[Source "ChessBase"]
[SourceQuality "1"]
[TimeControl "5400+30"]

1. Nf3 d5 2. e3 Nf6 3. c4 e6 4. b3 Bd6 5. Bb2 O-O 6. g3 c5 7. Bg2 Nc6 8. O-O d4 9. exd4 cxd4 10. Nxd4 Nxd4 11. Bxd4 Bxg3 12. hxg3 Qxd4 13. Nc3 Rd8 14. Qe2 a6 15. Rfe1 Rb8 16. Rad1 b6 17. Qe3 Bb7 18. Nd5 Qxe3 19. Nxf6+ gxf6 20. dxe3 Bxg2 21. Kxg2 f5 22. Kf3 Kg7 23. Rxd8 Rxd8 24. Ke2 e5 25. Rd1 Rxd1 26. Kxd1 f4 27. b4 fxg3 28. fxg3 f5 29. a4 Kf6 30. c5 b5 31. axb5 axb5 32. Ke2 e4 33. Kf2 1-0

[Event "ESP-chT 2nd Division 2019"]
[Site "Linares"]
[Date "2019.08.22"]
[Round "6.23"]
[White "Sanchez Dengra, Jose Maria"]
[Black "Gavilan Diaz, Mario"]
[Result "1-0"]
[ECO "B95"]
[WhiteElo "2216"]
[BlackElo "2318"]
[Annotator "NA"]
[PlyCount "31"]
[EventDate "2019.08.19"]
[EventType "team-tourn"]
[EventCountry "ESP"]
[SourceTitle "playchess.com"]
[Source "ChessBase"]
[SourceQuality "1"]
[TimeControl "5400+30"]

1. e4 c5 2. Nf3 d6 3. d4 cxd4 4. Nxd4 Nf6 5. Nc3 a6 6. Bg5 e6 7. Qf3 Nbd7 8. O-O-O Qc7 9. Qg3 b5 10. Bxb5 Be7 11. Ba4 Bb7 12. e5 Nd5 13. Bxe7 Kxe7 14. exd6+ Qxd6 15. Nf5+ exf5 16. Rhe1+ 1-0

[Event "ESP-chT 2nd Division 2019"]
[Site "Linares"]
[Date "2019.08.22"]
[Round "6.25"]
[White "Sanchez Dengra, Barbara"]
[Black "Perera Borrego, Maria Adela"]
[Result "0-1"]
[ECO "C09"]
[WhiteElo "1983"]
[BlackElo "2186"]
[Annotator "NA"]
[PlyCount "92"]
[EventDate "2019.08.19"]
[EventType "team-tourn"]
[EventCountry "ESP"]
[SourceTitle "playchess.com"]
[Source "ChessBase"]
[SourceQuality "1"]
[TimeControl "5400+30"]

1. e4 e6 2. d4 d5 3. Nd2 c5 4. Ngf3 Nc6 5. exd5 exd5 6. dxc5 Bxc5 7. Nb3 Bd6 8. Bd3 Nge7 9. O-O Bg4 10. h3 Bh5 11. c3 h6 12. Be3 O-O 13. Nbd4 a6 14. Qd2 Bg6 15. Bxg6 Nxg6 16. Nf5 Qd7 17. Nxg7 Kxg7 18. Bxh6+ Kg8 19. Bxf8 Bxf8 20. Rad1 Rd8 21. Rfe1 Qf5 22. Nd4 Qf6 23. Nxc6 bxc6 24. Qd4 Qg5 25. Rd3 c5 26. Qa4 Qf4 27. Qxa6 Bd6 28. g3 Qf5 29. Rde3 Qd7 30. Qd3 Bf8 31. Kg2 d4 32. cxd4 cxd4 33. R3e2 Qd5+ 34. Kh2 Qxa2 35. h4 Qd5 36. Re4 Qf5 37. f4 Qf6 38. Re8 Rxe8 39. Rxe8 Kg7 40. Qf3 Bd6 41. Qg4 d3 42. h5 Qxb2+ 43. Kg1 Bc5+ 44. Kh1 Qc1+ 45. Kg2 Qg1+ 46. Kf3 Qd1+ 0-1

[Event "ESP-chT 2nd Division 2019"]
[Site "Linares"]
[Date "2019.08.22"]
[Round "6.26"]
[White "Diaz Camallonga, Carles"]
[Black "Bernabeu Lopez, Carlos Javier"]
[Result "1/2-1/2"]
[ECO "C42"]
[WhiteElo "2436"]
[BlackElo "2370"]
[Annotator "NA"]
[PlyCount "60"]
[EventDate "2019.08.19"]
[EventType "team-tourn"]
[EventCountry "ESP"]
[SourceTitle "playchess.com"]
[Source "ChessBase"]
[SourceQuality "1"]
[TimeControl "5400+30"]

1. e4 e5 2. Nf3 Nf6 3. Nxe5 d6 4. Nf3 Nxe4 5. d3 Nf6 6. d4 d5 7. Bd3 Bd6 8. Qe2+ Qe7 9. Qxe7+ Bxe7 10. Bf4 c6 11. O-O O-O 12. Re1 Re8 13. Nbd2 Bg4 14. h3 Bh5 15. Ne5 Nbd7 16. Bh2 Bg6 17. Nxg6 hxg6 18. Nf3 Bf8 19. Ne5 Nxe5 20. dxe5 Nd7 21. e6 Nc5 22. exf7+ Kxf7 23. Be2 Ne4 24. Bf3 Nd2 25. Bg4 Ne4 26. Bf4 Bc5 27. Re2 Nf6 28. Rae1 Nxg4 29. hxg4 Rxe2 30. Rxe2 b5 1/2-1/2

[Event "ESP-chT 2nd Division 2019"]
[Site "Linares"]
[Date "2019.08.22"]
[Round "6.27"]
[White "Blanco Acevedo, Cristobal Jose"]
[Black "Perpinya Rofes, Lluis Maria"]
[Result "1-0"]
[ECO "D24"]
[WhiteElo "2342"]
[BlackElo "2319"]
[Annotator "NA"]
[PlyCount "121"]
[EventDate "2019.08.19"]
[EventType "team-tourn"]
[EventCountry "ESP"]
[SourceTitle "playchess.com"]
[Source "ChessBase"]
[SourceQuality "1"]
[TimeControl "5400+30"]

1. d4 d5 2. Nf3 Nf6 3. c4 dxc4 4. Nc3 a6 5. a4 Nc6 6. e4 Na5 7. Ne5 e6 8. Nxc4 Bb4 9. Nxa5 Bxa5 10. Bd3 O-O 11. e5 Nd5 12. O-O f5 13. exf6 Qxf6 14. Qh5 g6 15. Nxd5 gxh5 16. Nxf6+ Rxf6 17. Bg5 Rf7 18. Be2 Rf5 19. h4 Bb6 20. Rfd1 Bd7 21. Ra3 Be8 22. g4 Rd5 23. Bf6 Bg6 24. Bc4 hxg4 25. Bxd5 exd5 26. a5 Ba7 27. Rc1 Rf8 28. Be5 c6 29. Rb3 Rf7 30. Rcc3 Be4 31. Rb4 h5 32. Ra4 Kf8 33. Kf1 Ke7 34. Rb4 Kd8 35. Ke1 Kc8 36. Bg3 Re7 37. Kd2 Re6 38. Rc1 Rf6 39. Ke1 Rf3 40. Be5 Rf5 41. Rb3 Rf7 42. Re3 Rf5 43. b4 Rxe5 44. dxe5 Bxe3 45. fxe3 Kd7 46. Kf2 Ke6 47. b5 cxb5 48. Rc7 Kxe5 49. Rxb7 Bd3 50. Rb6 b4 51. Rxb4 Bc4 52. Rb8 Kf6 53. Rb6+ Kf5 54. Rh6 Ke4 55. Rxh5 g3+ 56. Kxg3 Kxe3 57. Re5+ Kd4 58. Kf4 Kc3 59. Re3+ Kd2 60. Rg3 d4 61. h5 1-0

[Event "ESP-chT 2nd Division 2019"]
[Site "Linares"]
[Date "2019.08.22"]
[Round "6.28"]
[White "Campos Cayuelas, Adria"]
[Black "Castilla Leon Salas, Carlos"]
[Result "1-0"]
[ECO "B23"]
[WhiteElo "2157"]
[BlackElo "2252"]
[Annotator "NA"]
[PlyCount "67"]
[EventDate "2019.08.19"]
[EventType "team-tourn"]
[EventCountry "ESP"]
[SourceTitle "playchess.com"]
[Source "ChessBase"]
[SourceQuality "1"]
[TimeControl "5400+30"]

1. e4 c5 2. Nc3 g6 3. Bc4 Nc6 4. a3 Bg7 5. d3 d6 6. Ba2 Rb8 7. Nge2 b5 8. O-O e6 9. Bd2 Nge7 10. f4 O-O 11. f5 exf5 12. Bg5 h6 13. exf5 hxg5 14. f6 Bh8 15. fxe7 Qxe7 16. Ng3 Be6 17. Nd5 Qd8 18. c3 Be5 19. Qd2 f5 20. b4 Kg7 21. Ne2 Rh8 22. g3 Qg8 23. d4 cxd4 24. cxd4 Bxg3 25. Nxg3 f4 26. Nxf4 Bxa2 27. Nfh5+ gxh5 28. Rxa2 Qd5 29. Nf5+ Kh7 30. Qd3 Qe6 31. Ne7+ Kh6 32. Re2 Qg4+ 33. Kh1 Nxe7 34. Rxe7 1-0

[Event "ESP-chT 2nd Division 2019"]
[Site "Linares"]
[Date "2019.08.22"]
[Round "6.29"]
[White "Leon Acosta, Miguel"]
[Black "Fernandez Aguilar, Francisco"]
[Result "1/2-1/2"]
[ECO "A01"]
[WhiteElo "2155"]
[BlackElo "2064"]
[Annotator "NA"]
[PlyCount "90"]
[EventDate "2019.08.19"]
[EventType "team-tourn"]
[EventCountry "ESP"]
[SourceTitle "playchess.com"]
[Source "ChessBase"]
[SourceQuality "1"]
[TimeControl "5400+30"]

1. b3 d5 2. Bb2 Bg4 3. h3 Bh5 4. d3 Nd7 5. Nd2 e6 6. Ngf3 Ngf6 7. g3 Be7 8. Bg2 O-O 9. e3 c6 10. Qe2 a5 11. a3 Ne8 12. e4 dxe4 13. dxe4 Qc7 14. O-O e5 15. g4 Bg6 16. Nc4 f6 17. Nh4 Nc5 18. Ne3 Nd6 19. Nhf5 Ne6 20. Rfd1 Nf4 21. Qf3 Nxf5 22. exf5 Bf7 23. Bf1 Rfd8 24. c4 Qb6 25. Ng2 Nxg2 26. Kxg2 Bc5 27. Be2 Be8 28. Rxd8 Rxd8 29. Rd1 Bd4 30. Bxd4 exd4 31. Qd3 c5 32. Bf3 Bc6 33. a4 Re8 34. Kf1 Qc7 35. Re1 Rxe1+ 36. Kxe1 Bxf3 37. Qxf3 Qc6 38. Qe2 Kf7 39. Kd2 h6 40. h4 Kg8 41. Qe7 b6 42. h5 Kh8 43. Qe6 Qxe6 44. fxe6 Kg8 45. f4 Kf8 1/2-1/2

[Event "ESP-chT 2nd Division 2019"]
[Site "Linares"]
[Date "2019.08.22"]
[Round "6.30"]
[White "Lopez Atay, Diana Ruth"]
[Black "Ordonez Torres, Maria Del Carmen"]
[Result "0-1"]
[ECO "C60"]
[WhiteElo "1920"]
[BlackElo "2027"]
[Annotator "NA"]
[PlyCount "60"]
[EventDate "2019.08.19"]
[EventType "team-tourn"]
[EventCountry "ESP"]
[SourceTitle "playchess.com"]
[Source "ChessBase"]
[SourceQuality "1"]
[TimeControl "5400+30"]

1. e4 e5 2. Nf3 Nc6 3. Bb5 g6 4. O-O Bg7 5. d3 Nge7 6. Nc3 h6 7. a3 O-O 8. Bc4 d6 9. Be3 Kh7 10. h3 f5 11. Qe2 f4 12. Bd2 g5 13. Nh2 Nd4 14. Qd1 f3 15. gxf3 Bxh3 16. Re1 Qd7 17. Nd5 Nxf3+ 18. Kh1 Nxe1 19. Qxe1 Ng6 20. Qe2 c6 21. Nc3 Nf4 22. Bxf4 Rxf4 23. Rg1 Raf8 24. Nd1 d5 25. exd5 cxd5 26. Bb3 Rh4 27. Ne3 e4 28. Bxd5 Be5 29. Bxe4+ Kh8 30. Nf3 Bg2+ 0-1

[Event "ESP-chT 2nd Division 2019"]
[Site "Linares"]
[Date "2019.08.22"]
[Round "6.31"]
[White "Adla, Diego"]
[Black "Santamaria Fernandez, Guillermo"]
[Result "1-0"]
[ECO "A10"]
[WhiteElo "2424"]
[BlackElo "2177"]
[Annotator "NA"]
[PlyCount "101"]
[EventDate "2019.08.19"]
[EventType "team-tourn"]
[EventCountry "ESP"]
[SourceTitle "playchess.com"]
[Source "ChessBase"]
[SourceQuality "1"]
[TimeControl "5400+30"]

1. c4 g6 2. e4 e5 3. Nf3 Bg7 4. d4 exd4 5. Nxd4 Nc6 6. Be3 Qf6 7. Nxc6 dxc6 8. Nc3 Qe7 9. Qc2 Nf6 10. Be2 Ng4 11. Bxg4 Bxg4 12. Rc1 O-O 13. O-O Be6 14. Ne2 Rad8 15. Rcd1 Rxd1 16. Rxd1 Rd8 17. b3 f5 18. Rxd8+ Qxd8 19. Nf4 Bc8 20. f3 b6 21. c5 b5 22. h3 Be5 23. Nd3 Bf6 24. Nb4 Qe8 25. Qd3 a5 26. Nc2 Qe7 27. Bd4 fxe4 28. fxe4 Qd8 29. Qc3 Bxd4+ 30. Qxd4 Qg5 31. Qe3 Qe5 32. a3 Be6 33. b4 a4 34. Qd3 Qg5 35. Ne1 Bc4 36. Qd4 Qf4 37. Nf3 Qc1+ 38. Kh2 Qf4+ 39. Kg1 Qc1+ 40. Kf2 Qf4 41. Qe5 Qf7 42. Kg3 h6 43. Nd4 Qd7 44. Qf6 Bf7 45. Kf4 h5 46. Ke3 Kf8 47. Nxc6 Qd1 48. Qd8+ Qxd8 49. Nxd8 Bc4 50. h4 Bf1 51. Ne6+ 1-0

[Event "ESP-chT 2nd Division 2019"]
[Site "Linares"]
[Date "2019.08.22"]
[Round "6.32"]
[White "Moreno Royano, Victor"]
[Black "Glavina, Pablo"]
[Result "0-1"]
[ECO "A12"]
[WhiteElo "2151"]
[BlackElo "2407"]
[Annotator "NA"]
[PlyCount "160"]
[EventDate "2019.08.19"]
[EventType "team-tourn"]
[EventCountry "ESP"]
[SourceTitle "playchess.com"]
[Source "ChessBase"]
[SourceQuality "1"]
[TimeControl "5400+30"]

1. Nf3 d5 2. b3 Nf6 3. Bb2 g6 4. c4 c6 5. e3 Bg7 6. Be2 a5 7. Nc3 Ne4 8. Qc2 Nxc3 9. Bxc3 O-O 10. O-O Bf5 11. d3 Nd7 12. Nd4 Bxd4 13. Bxd4 e5 14. Bb2 Re8 15. Rac1 Rc8 16. cxd5 cxd5 17. Qxc8 Qxc8 18. Rxc8 Rxc8 19. Rc1 Rxc1+ 20. Bxc1 Nc5 21. d4 exd4 22. exd4 Ne6 23. Be3 Bb1 24. a3 Bc2 25. b4 axb4 26. axb4 f5 27. f3 Kf7 28. Kf1 Ke7 29. Ke1 Kd6 30. Kd2 Ba4 31. Kc3 Kc6 32. f4 Bb5 33. Bd1 Bf1 34. g3 Kd6 35. Ba4 Ng7 36. Bd2 Nh5 37. Bd1 Nf6 38. Bf3 Kc6 39. Be3 Kb5 40. Bc1 Bc4 41. Be3 Ng8 42. Bd1 Ne7 43. Bc1 Nc8 44. Bc2 Nd6 45. Bb2 Kc6 46. Kd2 Kb5 47. Kc3 Bf1 48. Bc1 Kc6 49. Kd2 Ne8 50. Ba4+ Bb5 51. Bd1 Nf6 52. Bf3 Bc4 53. Kc3 Bf1 54. Be3 Bh3 55. Bc1 Bg4 56. Bg2 Bh5 57. Be3 Be2 58. Kd2 Bc4 59. Bf3 Ne8 60. Bd1 Nd6 61. Bc2 Kb6 62. Kc3 Kc6 63. Kb2 Kd7 64. Kc3 Ke6 65. Kb2 Kf6 66. Kc3 Bb5 67. Bb1 h6 68. h4 Be2 69. Kd2 Bf3 70. Bd3 Be4 71. Be2 Bb1 72. Bf3 Nc4+ 73. Ke2 Be4 74. Bc1 h5 75. Kf2 Bxf3 76. Kxf3 Ke6 77. Ke2 Kd6 78. Kd3 Kc6 79. Kc2 Kb5 80. Kb3 b6 0-1

[Event "ESP-chT 2nd Division 2019"]
[Site "Linares"]
[Date "2019.08.22"]
[Round "6.33"]
[White "Quintin Navarro, Alberto"]
[Black "Garcia Ortega, Jesus Angel"]
[Result "1-0"]
[ECO "A48"]
[WhiteElo "2376"]
[BlackElo "2109"]
[Annotator "NA"]
[PlyCount "59"]
[EventDate "2019.08.19"]
[EventType "team-tourn"]
[EventCountry "ESP"]
[SourceTitle "playchess.com"]
[Source "ChessBase"]
[SourceQuality "1"]
[TimeControl "5400+30"]

1. d4 Nf6 2. Nf3 g6 3. c4 c5 4. Nc3 cxd4 5. Nxd4 Nc6 6. e4 d6 7. Be2 Bg7 8. Be3 O-O 9. h3 Bd7 10. O-O Ne8 11. Rc1 Nc7 12. f4 a6 13. Nxc6 Bxc6 14. f5 gxf5 15. Rxf5 Ne6 16. Bd3 f6 17. Qe1 Be8 18. Rd1 Bg6 19. c5 Bxf5 20. exf5 Ng5 21. Bc4+ Kh8 22. Nd5 Nf7 23. Nf4 Qc8 24. Ng6+ hxg6 25. Qh4+ Bh6 26. Bxf7 Rxf7 27. fxg6 Rh7 28. Bxh6 Qxc5+ 29. Kh1 Rg8 30. gxh7 1-0

[Event "ESP-chT 2nd Division 2019"]
[Site "Linares"]
[Date "2019.08.22"]
[Round "6.34"]
[White "Cabeza Alfonso, Ricardo"]
[Black "Chueca Lorente, Javier"]
[Result "0-1"]
[ECO "A30"]
[WhiteElo "1999"]
[BlackElo "2144"]
[Annotator "NA"]
[PlyCount "155"]
[EventDate "2019.08.19"]
[EventType "team-tourn"]
[EventCountry "ESP"]
[SourceTitle "playchess.com"]
[Source "ChessBase"]
[SourceQuality "1"]
[TimeControl "5400+30"]

1. c4 c5 2. Nf3 Nc6 3. g3 g6 4. Bg2 Bg7 5. O-O e6 6. e3 Nge7 7. d4 cxd4 8. exd4 d5 9. cxd5 exd5 10. Bg5 O-O 11. Nc3 Be6 12. Qd2 Re8 13. Rfe1 Qb6 14. Rad1 Nf5 15. Na4 Qb4 16. Qxb4 Nxb4 17. g4 Nd6 18. a3 Nc6 19. h3 b6 20. Ne5 Na5 21. Bc1 Rad8 22. Nc3 Ndc4 23. Nb5 Nxe5 24. dxe5 Bd7 25. Nc7 Rxe5 26. Rxe5 Bxe5 27. Nxd5 Nc6 28. Bg5 Re8 29. Nf6+ Bxf6 30. Bxf6 Nb8 31. Rc1 Rc8 32. Rxc8+ Bxc8 33. Kf1 Nd7 34. Bd4 Kf8 35. Ke2 Ke7 36. Bd5 f6 37. f4 Kd6 38. Bg8 h6 39. h4 Nf8 40. Kf3 Be6 41. Bxe6 Kxe6 42. h5 gxh5 43. gxh5 Kf5 44. a4 Ne6 45. Be3 Ng7 46. b4 Nxh5 47. b5 Ng7 48. a5 Ne8 49. axb6 axb6 50. Bxb6 Nd6 51. Bc5 Nxb5 52. Bf8 Kg6 53. Kg4 Nd4 54. Bc5 Nf5 55. Bf2 Ng7 56. Ba7 h5+ 57. Kf3 Kf5 58. Bb8 Ne6 59. Kg3 Ke4 60. Bd6 Nd4 61. Kf2 f5 62. Be5 Ne6 63. Kg3 Nxf4 64. Bb8 Ng6 65. Ba7 f4+ 66. Kf2 Ne5 67. Bb6 Ng4+ 68. Kg2 f3+ 69. Kg3 Ne3 70. Kf2 Nf5 71. Bc7 h4 72. Bb8 Ne3 73. Ba7 Ng4+ 74. Kg1 Kd3 75. Kf1 h3 76. Kg1 Ke2 77. Kh1 Ne3 78. Bb6 0-1

[Event "ESP-chT 2nd Division 2019"]
[Site "Linares"]
[Date "2019.08.22"]
[Round "6.35"]
[White "Roque Sola, Gisela"]
[Black "Arce Calva, Elvira"]
[Result "1-0"]
[ECO "A38"]
[WhiteElo "2048"]
[BlackElo "1838"]
[Annotator "NA"]
[PlyCount "97"]
[EventDate "2019.08.19"]
[EventType "team-tourn"]
[EventCountry "ESP"]
[SourceTitle "playchess.com"]
[Source "ChessBase"]
[SourceQuality "1"]
[TimeControl "5400+30"]

1. c4 c5 2. Nc3 Nc6 3. Nf3 Nf6 4. g3 g6 5. Bg2 Bg7 6. O-O O-O 7. a3 Ne8 8. Rb1 Nd6 9. d3 Rb8 10. Bf4 e5 11. Bg5 f6 12. Be3 b6 13. b4 cxb4 14. axb4 Nf5 15. Bc1 Bb7 16. Nd2 Ncd4 17. Nde4 d6 18. Ba3 Ne6 19. e3 Nh6 20. Qb3 Qd7 21. Nb5 f5 22. Nd2 Bxg2 23. Kxg2 f4 24. Rbe1 Ng5 25. g4 Qxg4+ 26. Kh1 f3 27. Rg1 Qh4 28. Rg3 Ng4 29. Rxg4 Qxg4 30. Rg1 Qh4 31. Rg3 Kh8 32. Nxd6 Rbd8 33. c5 bxc5 34. bxc5 Rb8 35. Qc2 Nh3 36. Nxf3 Nxf2+ 37. Qxf2 Bh6 38. Qa2 Qa4 39. Nc4 Qd1+ 40. Kg2 Rb1 41. Ncd2 Qh1+ 42. Kh3 Rd1 43. Bb2 Bg7 44. Bc3 Rf5 45. c6 Rf1 46. c7 R1xf3 47. Nxf3 Qf1+ 48. Qg2 Qxg2+ 49. Kxg2 1-0

[Event "ESP-chT 2nd Division 2019"]
[Site "Linares"]
[Date "2019.08.22"]
[Round "6.36"]
[White "Cruz Lledo, Pablo"]
[Black "Garcia Cuenca, Victor"]
[Result "1/2-1/2"]
[ECO "A43"]
[WhiteElo "2445"]
[BlackElo "2359"]
[Annotator "NA"]
[PlyCount "63"]
[EventDate "2019.08.19"]
[EventType "team-tourn"]
[EventCountry "ESP"]
[SourceTitle "playchess.com"]
[Source "ChessBase"]
[SourceQuality "1"]
[TimeControl "5400+30"]

1. d4 Nf6 2. Nf3 c5 3. d5 b5 4. a4 b4 5. c4 g6 6. Nbd2 d6 7. g3 e5 8. dxe6 fxe6 9. Bg2 Bb7 10. O-O Qe7 11. e4 e5 12. Ne1 Bh6 13. Nb3 Bxc1 14. Rxc1 Nc6 15. f3 O-O 16. Bh3 Rf7 17. Rc2 Raf8 18. Rcf2 Ba6 19. Qc2 Nd7 20. Bxd7 Qxd7 21. Ng2 Nd4 22. Nxd4 cxd4 23. b3 Qc6 24. Ne1 Bc8 25. Kg2 a5 26. Qd2 Be6 27. Nd3 Qc8 28. Qh6 Qc6 29. Nb2 Bg4 30. Qh4 Be6 31. Qh6 Bg4 32. Qh4 1/2-1/2

[Event "ESP-chT 2nd Division 2019"]
[Site "Linares"]
[Date "2019.08.22"]
[Round "6.37"]
[White "Sanchez Gonzalez, Sergio"]
[Black "Garcia Molla, Victor"]
[Result "0-1"]
[ECO "A14"]
[WhiteElo "2299"]
[BlackElo "2408"]
[Annotator "NA"]
[PlyCount "60"]
[EventDate "2019.08.19"]
[EventType "team-tourn"]
[EventCountry "ESP"]
[SourceTitle "playchess.com"]
[Source "ChessBase"]
[SourceQuality "1"]
[TimeControl "5400+30"]

1. c4 c5 2. Nc3 Nc6 3. Nf3 Nf6 4. g3 e6 5. Bg2 d5 6. cxd5 Nxd5 7. O-O Be7 8. d4 O-O 9. Nxd5 exd5 10. dxc5 Bxc5 11. Bg5 f6 12. Bf4 Be6 13. Nd2 Bb6 14. Nb3 d4 15. Rc1 Bd5 16. Bh3 Qe7 17. Qd3 Ne5 18. Bxe5 fxe5 19. e3 e4 20. Qb5 Rad8 21. Nxd4 Bxd4 22. Rcd1 a6 23. Qa5 b6 24. Qxa6 Bc5 25. b4 Bxb4 26. Rxd5 Rxd5 27. Qc4 Rfd8 28. Rd1 b5 29. Qb3 Qf7 30. Rxd5 Rxd5 0-1

[Event "ESP-chT 2nd Division 2019"]
[Site "Linares"]
[Date "2019.08.22"]
[Round "6.38"]
[White "Barbera Estelles, Rosendo"]
[Black "Moreno Ibanez, Miguel"]
[Result "1-0"]
[ECO "B20"]
[WhiteElo "2176"]
[BlackElo "2272"]
[Annotator "NA"]
[PlyCount "121"]
[EventDate "2019.08.19"]
[EventType "team-tourn"]
[EventCountry "ESP"]
[SourceTitle "playchess.com"]
[Source "ChessBase"]
[SourceQuality "1"]
[TimeControl "5400+30"]

1. e4 c5 2. Be2 Nc6 3. f4 d5 4. d3 g6 5. Nf3 Bg7 6. O-O d4 7. Qe1 Nf6 8. Nbd2 Ng4 9. Nb3 b6 10. c3 Ba6 11. h3 Nf6 12. cxd4 cxd4 13. Bd2 O-O 14. Qf2 Nd7 15. Rac1 Rc8 16. e5 f6 17. Nfxd4 Nxd4 18. Qxd4 Nc5 19. Qxd8 Rfxd8 20. Nxc5 bxc5 21. Ba5 Rd5 22. Bg4 f5 23. Bf3 Rd4 24. Bc3 Rd7 25. Rfd1 Bh6 26. g3 g5 27. e6 Rxd3 28. Rxd3 Bxd3 29. Be5 gxf4 30. gxf4 Bg7 31. Rc3 Bxe5 32. fxe5 c4 33. Kf2 Rc5 34. b3 Bb1 35. bxc4 Bxa2 36. Bd5 a5 37. Ke3 a4 38. Kd4 Rc8 39. Rg3+ Kf8 40. Rf3 Bb1 41. Rf1 Rb8 42. Rf3 Bc2 43. c5 Ke8 44. Rg3 Kd8 45. Rg8+ Kc7 46. Rg7 Kd8 47. Rxh7 Bb3 48. Rh8+ Kc7 49. Rxb8 Kxb8 50. Bf3 a3 51. Kc3 Bxe6 52. h4 Kc7 53. h5 Bf7 54. h6 Bg8 55. Bd5 Bh7 56. Kb3 f4 57. Kxa3 Bf5 58. Kb4 Kd7 59. Kc4 Kc7 60. Kd4 Bg6 61. Be4 1-0

[Event "ESP-chT 2nd Division 2019"]
[Site "Linares"]
[Date "2019.08.22"]
[Round "6.39"]
[White "Perez Gonzalez, Jose Manuel"]
[Black "Gonzalez Aguirre, Luis"]
[Result "1/2-1/2"]
[ECO "B12"]
[WhiteElo "2218"]
[BlackElo "2112"]
[Annotator "NA"]
[PlyCount "142"]
[EventDate "2019.08.19"]
[EventType "team-tourn"]
[EventCountry "ESP"]
[SourceTitle "playchess.com"]
[Source "ChessBase"]
[SourceQuality "1"]
[TimeControl "5400+30"]

1. e4 c6 2. d4 d5 3. e5 Bf5 4. Nc3 Qb6 5. Nf3 e6 6. Be2 Nd7 7. O-O Ne7 8. b3 h6 9. Na4 Qd8 10. c4 Bh7 11. Ba3 Nf5 12. Bxf8 Nxf8 13. c5 Nd7 14. Rc1 O-O 15. Bd3 Nh4 16. Bxh7+ Kxh7 17. Nxh4 Qxh4 18. Rc3 Qe7 19. Re3 Kg8 20. Qg4 f6 21. exf6 Rxf6 22. Rfe1 Re8 23. Nb2 Qf7 24. Nd3 Rg6 25. Qe2 Qf6 26. Ne5 Nxe5 27. Rxe5 Qf4 28. Qe3 Qxe3 29. R1xe3 Rg4 30. Rd3 Rf4 31. g3 Rf5 32. Re2 Kf7 33. Rde3 Kf6 34. Kg2 g5 35. f3 Re7 36. b4 a6 37. a4 Re8 38. h3 h5 39. Re5 Re7 40. Kf2 Rxe5 41. Rxe5 Rh7 42. h4 gxh4 43. gxh4 Rh6 44. f4 Kf7 45. Kf3 Kf6 46. f5 exf5 47. Kf4 Rh7 48. Rxf5+ Kg6 49. Rg5+ Kh6 50. Ke5 Re7+ 51. Kd6 Re4 52. Kc7 Rxh4 53. Rg1 Rxd4 54. Kxb7 Rxb4+ 55. Kxc6 d4 56. Kd5 Rxa4 57. c6 Ra2 58. Rd1 d3 59. Rxd3 Rc2 60. Rd4 Kg5 61. Rc4 Rd2+ 62. Kc5 Rd8 63. c7 Rc8 64. Kb6 h4 65. Kxa6 h3 66. Kb7 Rxc7+ 67. Rxc7 Kg4 68. Rh7 Kg3 69. Kc6 h2 70. Kd5 Kg2 71. Rxh2+ Kxh2 1/2-1/2

[Event "ESP-chT 2nd Division 2019"]
[Site "Linares"]
[Date "2019.08.22"]
[Round "6.40"]
[White "Castellet Menchon, Cora"]
[Black "Estevez Sacristan, Deva"]
[Result "0-1"]
[ECO "A80"]
[WhiteElo "1866"]
[BlackElo "1957"]
[Annotator "NA"]
[PlyCount "64"]
[EventDate "2019.08.19"]
[EventType "team-tourn"]
[EventCountry "ESP"]
[SourceTitle "playchess.com"]
[Source "ChessBase"]
[SourceQuality "1"]
[TimeControl "5400+30"]

1. d4 f5 2. Nc3 g6 3. e4 fxe4 4. Nxe4 Bg7 5. Nf3 d5 6. Nc5 b6 7. Nd3 Nh6 8. Bf4 Nf7 9. h4 Bg4 10. c3 O-O 11. Be2 Nd7 12. Ng5 Bf5 13. g4 Bxd3 14. Bxd3 e5 15. Ne6 Qe7 16. Nxf8 exf4+ 17. Kd2 Rxf8 18. Qf3 Qd6 19. g5 c5 20. dxc5 Nxc5 21. Bf1 Ne5 22. Qg2 Ne4+ 23. Kc2 Qc5 24. f3 Ng3 25. Rh3 Nxf1 26. Rxf1 Nc4 27. Qe2 Ne3+ 28. Kb1 Nxf1 29. Qe6+ Kh8 30. h5 gxh5 31. Rxh5 Qc8 32. Qxd5 Qf5+ 0-1

[Event "ESP-chT 2nd Division 2019"]
[Site "Linares"]
[Date "2019.08.23"]
[Round "7.1"]
[White "Suarez Gomez, Julio"]
[Black "Rios, Cristhian Camilo"]
[Result "1-0"]
[ECO "D05"]
[WhiteElo "2433"]
[BlackElo "2530"]
[Annotator "ChessBase"]
[PlyCount "139"]
[EventDate "2019.08.19"]
[EventType "team-tourn"]
[EventCountry "ESP"]
[SourceTitle "playchess.com"]
[Source "ChessBase"]
[SourceQuality "1"]
[TimeControl "5400+30"]

1. d4 d5 2. Nf3 Nf6 3. e3 e6 4. c4 a6 5. b3 b6 6. cxd5 exd5 7. Bb2 Bd6 8. g3 O-O 9. Bg2 Re8 10. O-O Nbd7 11. Nc3 Bb7 12. Re1 Rc8 13. Rc1 Qe7 14. Ne2 Bb4 15. Rf1 Ba3 16. Qc2 Bd6 17. Nf4 c5 18. Qe2 Ne4 19. Rfd1 Ndf6 20. dxc5 bxc5 21. Nd2 Nxd2 22. Bxf6 Qxf6 23. Rxd2 Bxf4 24. gxf4 Qg6 25. Qf3 Ba8 26. Qg3 Qe6 27. h4 f5 28. Rcd1 Red8 29. Bf3 Rd6 30. h5 a5 31. Qg2 Rcd8 32. Rc1 Qc8 33. Rdc2 c4 34. bxc4 d4 35. Bxa8 Qxa8 36. Qxa8 Rxa8 37. Rd2 d3 38. c5 Rd5 39. Rc3 Rc8 40. c6 g6 41. hxg6 hxg6 42. Rdxd3 Rxd3 43. Rxd3 Rxc6 44. Rd5 a4 45. Ra5 Rc4 46. Ra7 Kf8 47. Kf1 Rc1+ 48. Kg2 Rc4 49. Kg3 Ke8 50. Kh4 Rc2 51. Rxa4 Rxf2 52. Kg5 Rg2+ 53. Kf6 Kd7 54. Rd4+ Ke8 55. a4 Rg3 56. Rd5 Rg2 57. a5 Rg1 58. a6 Ra1 59. Rd6 Ra3 60. Re6+ Kd7 61. Re7+ Kd6 62. a7 Ra4 63. Rg7 Kd5 64. Kxg6 Ke6 65. Kh7 Kf6 66. Kg8 Ra1 67. Rb7 Ke6 68. Kf8 Rh1 69. Rb6+ Kd7 70. Rb8 1-0